 Dungeon Crawl Stone Soup version 0.28-a0-750-g7c675f85b1 (webtiles) character file.

Game seed: 349415508185122575

14 lawman0 the Magician (level 2, -1/30 HPs)
             Began as a Palentonga Hedge Wizard on Oct 29, 2021.
             Slain by a kobold (3 damage)
             ... on level 1 of the Dungeon.
             The game lasted 00:01:43 (508 turns).

lawman0 the Magician (Palentonga Hedge Wizard)       Turns: 508, Time: 00:01:43

Health: -1/30      AC: 21    Str: 13    XL:     2   Next: 27%
Magic:  1/6        EV:  1    Int: 14    God:
Gold:   22         SH:  2    Dex:  9    Spells: 1/7 levels left

rFire   . . .      SeeInvis +   g - +0 short sword
rCold   . . .      Faith    .   a - +0 buckler
rNeg    . . .      Spirit   .   (armour currently unavailable)
rPois   +          Reflect  .   (helmet currently unavailable)
rElec   .          Harm     .   (cloak currently unavailable)
rCorr   .          Rampage  .   (gloves currently unavailable)
Will    .....      NoTele   +   (no barding)
Stlth   +.........              (no amulet)
HPRegen 0.10/turn               (no ring)
MPRegen 0.10/turn               (no ring)

@: tree-form
A: stationary, stasis, torment immunity, boosted hp, large, rugged brown scales
3, see invisible, (deformed body), (roll 1), (armoured tail)
a: no special abilities


You were on level 1 of the Dungeon.
You were a tree.
You visited 1 branch of the dungeon, and saw 1 of its levels.

You collected 22 gold pieces.

Inventory:

Hand Weapons
 g - a +0 short sword (weapon)
Armour
 a - a +0 buckler (worn)
 d - a +0 leather armour (melded)
 e - a +1 helmet of intelligence (melded)
Scrolls
 b - a scroll of fear {unknown}


   Skills:
 + Level 0.1 Armour
 + Level 1.7 Dodging
 + Level 1.3 Stealth
 + Level 3.2 Spellcasting
 * Level 1.1 Conjurations
 * Level 0.5 Hexes
 + Level 0.7 Summonings
 + Level 1.0 Translocations


You had one spell level left.
You knew the following spells:

 Your Spells              Type           Power      Damage    Failure   Level
a - Magic Dart            Conj           20%        1d4       22%         1
b - Slow                  Hex            12%        N/A       28%         1
c - Blink                 Tloc           10%        N/A       34%         2
d - Call Imp              Summ           4%         N/A       36%         2

Your spell library contained the following spells:

 Spells                   Type           Power      Damage    Failure   Level
 Conjure Flame            Conj/Fire      3%         6-21      63%         3
 Mephitic Cloud           Conj/Pois/Air  3%         N/A       65%         3


Dungeon Overview and Level Annotations

Branches:
Dungeon (1/15)

Altars:


Innate Abilities, Weirdness & Mutations

You are a tree.
Your roots penetrate the ground, keeping you stationary.
You cannot be teleported.
You are immune to unholy pain and torment.
Your maximum health is greatly increased.
Your equipment is partially melded.
(You are completely covered in rugged brown scales. (AC +3, +7% HP))
You have supernaturally acute eyesight. (SInv)
((Armour fits poorly on your strangely shaped body.))
((You can roll at nearby foes to attack.))
((You have a long armoured tail.))


Message History

The magic dart hits the kobold but does no damage.
The kobold is moderately wounded.
The kobold hits you but does no damage.
Casting: Magic Dart (safe; 22% risk of failure)
Confirm with . or Enter, or press ? or * to list all spells.
Aiming: Slow (safe; 28% risk of failure)
Press: ? - help, Shift-Dir - straight line, f/p - kobold
Aim: a kobold, wielding a +0 short sword and quivering stones (moderately wounded, chance to affect: 55%)
The kobold resists with significant effort.
The kobold hits you with a +0 short sword.
Unknown command.
Casting: Slow (safe; 28% risk of failure)
Confirm with . or Enter, or press ? or * to list all spells.
Aiming: Slow (safe; 28% risk of failure)
Press: ? - help, Shift-Dir - straight line, f/p - kobold
Aim: a kobold, wielding a +0 short sword and quivering stones (moderately wounded, chance to affect: 55%)
The kobold resists with significant effort.
The kobold hits you with a +0 short sword.
Unknown command.
You are too injured to fight recklessly!
You are too injured to fight recklessly!
You are too injured to fight recklessly!
You barely miss the kobold. The kobold closely misses you.
You completely miss the kobold. The kobold hits you but does no damage.
The kobold hits you with a +0 short sword.
* * * LOW HITPOINT WARNING * * *
Your shield prevents you from hitting the kobold.
Your tail-slap misses the kobold.
The kobold hits you with a +0 short sword.
* * * LOW HITPOINT WARNING * * *
It was a potion of lignification.
You turn into a tree.
Your +1 helmet of intelligence melds into your body.
Your +0 leather armour melds into your body.
You feel stupid.
Your roots penetrate the ground.
The kobold hits you with a +0 short sword.
* * * LOW HITPOINT WARNING * * *
You hit the kobold but do no damage.
The kobold hits you with a +0 short sword.
You die...

#... ##.#. #### ...#.
.... ........ ...
........ ### ..# #.#.###
... #.# ...... .. #K#
#.... ...##.#♣#
#########...
#.......#####...........
#................####...
#.#.##...............#..
.. #..........#.####..
.. ..........####.# #..
. ................# ###
............######
............#


You could see a kobold.

Vanquished Creatures
  A bat (D:1)
  A goblin (D:1)
  4 hobgoblins (D:1)
  2 jackals (D:1)
  A frilled lizard (D:1)
  2 kobolds (D:1)
  A rat (D:1)
12 creatures vanquished.

Notes
Turn   | Place    | Note
-------+----------+-------------------------------------------
     0 | D:1      | lawman0 the Palentonga Hedge Wizard began the quest for the
                  | Orb.
     0 | D:1      | Reached XP level 1. HP: 13/13 MP: 4/4
     2 | D:1      | Learned a level 1 spell: Slow
   101 | D:1      | Reached skill level 1 in Conjurations
   198 | D:1      | oh hell yeah
   308 | D:1      | Reached XP level 2. HP: 20/20 MP: 4/6
   348 | D:1      | Learned a level 2 spell: Blink
   351 | D:1      | Learned a level 2 spell: Call Imp
   355 | D:1      | Found a faded altar of an unknown god.
   508 | D:1      | Slain by a kobold

Illustrated notes

.# .# .### >.. ##+##..
#..... ###..>.#+#
#.....@..# #........#
#........###
#..........#
#.......##.#
#..........###
########....^#
##########.....#
#########......).......#


Turn 198 on D:1: oh hell yeah

Levels and vault maps discovered:
D:1:      scummos_arrival_gate, layout_basic, ebering_ecumenical_altar_rust

Skill      XL: |  1 |
---------------+----+-----
Conjurations   | 1 |  1.1
Armour         | |  0.1
Dodging        | |  1.7
Stealth        | |  1.3
Spellcasting   | |  3.2
Hexes          | |  0.5
Summonings     | |  0.7
Translocations | |  1.0

Action                   || total
-------------------------++-------
Melee: Dagger            ||    10
       Tailslap          ||     1
       Short sword       ||    10
 Cast: Magic Dart        ||    22
       Slow              ||     2
 Abil: Rolling Charge    ||     2
  Use: Potion            ||     1
Armor: Leather armour    ||     9
Dodge: Dodged            ||    10
Block: Buckler           ||     2

Table legend: (Time is in decaauts)
 A = Elapsed time spent in this place.
 B = Non-inter-level travel time spent in this place.
 C = Inter-level travel time spent in this place.
 D = Time resting spent in this place.
 E = Time spent auto-exploring this place.
 F = Levels seen in this place.
 G = Mean time per level.
                   A        B        C        D        E       F      G
               +--------+--------+--------+--------+--------+-----+--------+
         Total |    508 |    508 |      0 |     55 |    315 |   1 |  508.0 |
       Dungeon |    508 |    508 |      0 |     55 |    315 |   1 |  508.0 |
               +--------+--------+--------+--------+--------+-----+--------+

Top non-repeatable levels by time:
     D:1: 508 daAuts
